Map: Kairos Junction LE

Players

Mez - Winner!

  • Race: Terran Terran
  • League: Master
  • Spawn Location: 5:00

Mark

  • Race: Terran Terran
  • League: Master
  • Spawn Location: 11:00

VOD

Have the link to the VOD?

Description

Time

  • Played on: Aug. 5, 2019, 5:41 a.m.
  • Length: 9:46
Show
View Real Time Build Order
Export as new Build Order

Mez Terran - Winner!

Build Orders: Reaper Expand 

Get SALT Encoding   

  12  0:00  SCV  
  13  0:13  SCV  
  14  0:19  Supply Depot  
  14  0:25  SCV  
  15  0:40  SCV  
  15  0:41  Barracks  
  16  0:45  Refinery  
  16  0:52  SCV  
  17  1:04  SCV  
  18  1:17  SCV  
  19  1:29  Reaper, Orbital Command  
  20  1:42  Command Center  
  20  1:56  SCV  
  20  2:01  Bunker  
  21  2:02  Barracks Reactor  
  21  2:05  Supply Depot  
  21  2:08  SCV  
  22  2:25  SCV  
  23  2:31  Command Center  
  23  2:38  Barracks  
  23  2:39  SCV  
  24  2:45  Marine  
  24  2:46  Marine  
  26  2:53  SCV  
  26  2:56  Orbital Command  
  28  3:05  SCV  
  28  3:08  Engineering Bay  
  28  3:18  SCV, Marine x2  
  30  3:25  SCV  
  30  3:26  Barracks Tech Lab  
  31  3:30  SCV  
  32  3:35  Marine  
  32  3:36  Marine  
  32  3:37  Terran Infantry Weapons Level 1  
  32  3:40  SCV  
  35  3:43  SCV  
  35  3:45  Orbital Command  
  35  3:46  Stimpack  
  36  3:51  Marine  
  36  3:52  SCV  
  36  3:53  Marine x2  
  36  3:55  SCV  
  41  4:02  Refinery  
  41  4:04  Refinery, SCV  
  41  4:07  SCV  
  41  4:09  Marauder  
  45  4:11  SCV  
  45  4:16  SCV  
  47  4:21  Marine x2  
  47  4:23  SCV x2  
  51  4:27  Factory  
  50  4:45  Marine x3  
  50  4:46  SCV x2  
  53  4:58  Barracks  
  53  5:00  SCV x2, Barracks  
  53  5:01  Barracks  
  53  5:03  Marine  
  53  5:06  SCV  
  57  5:07  Refinery  
  57  5:12  SCV  
  57  5:13  Orbital Command  
  57  5:14  Armory  
  58  5:16  Starport, Factory Reactor  
  58  5:17  Engineering Bay  
  58  5:20  SCV  
  58  5:21  Marine x2  
  61  5:45  SCV  
  61  5:46  Marine  
  61  5:48  SCV  
  61  5:50  Marine  
  61  5:52  Marine  
  61  6:06  Barracks  
  61  6:07  Barracks  
  61  6:08  Barracks  
  61  6:09  Supply Depot x2  
  61  6:10  Supply Depot  
  61  6:11  Supply Depot  
  61  6:13  Marine x2  
  61  6:14  SCV x3, Marauder  
  68  6:18  Barracks Reactor  
  68  6:19  Barracks Reactor  
  68  6:20  Barracks Reactor  
  68  6:26  SCV x3  
  68  6:30  Terran Infantry Weapons Level 2  
  68  6:32  Terran Infantry Armor Level 1  
  71  6:37  Marine x3  
  71  6:38  SCV x3  
  77  6:50  SCV x2  
  80  6:55  Marine  
  80  6:56  Barracks x2  
  73  7:02  SCV x2  
  73  7:06  Marine x11  
  85  7:09  Medivac  
  85  7:12  Marine  
  85  7:14  SCV  
  89  7:22  Medivac  
  90  7:24  Marine  
  90  7:25  Orbital Command  
  90  7:26  Marine x3  
  67  7:35  Marine  
  67  7:36  Marine x4  
  69  7:39  Medivac  
  67  7:52  Medivac  
  67  7:53  Marine, Barracks Tech Lab x2  
  67  7:54  Marine x2  
  72  8:03  SCV  
  69  8:15  Marine x7  
  69  8:16  Marine x5  
  69  8:18  SCV x2  
  82  8:23  Marine x2  
  84  8:29  Medivac x2  
  84  8:33  Marine  
  89  8:41  Marine  
  89  8:42  Marine x7  
  89  8:48  Orbital Command  
  77  9:03  Marine x9  
  77  9:07  Marine  
  77  9:08  Marine x4  
  90  9:12  SCV  
  90  9:13  SCV  
  90  9:14  SCV  
  93  9:25  SCV x2  
  93  9:26  SCV, Marine  
  93  9:27  Marine x4  
Show
View Real Time Build Order
Export as new Build Order

Mark Terran 

Build Orders: Cyclone Opening 

Get SALT Encoding   

  12  0:00  SCV  
  13  0:12  SCV  
  14  0:17  Supply Depot  
  14  0:24  SCV  
  15  0:38  SCV  
  15  0:40  Barracks  
  16  0:46  Refinery  
  16  0:50  SCV  
  16  0:53  Refinery  
  17  1:02  SCV  
  18  1:15  SCV  
  19  1:29  Orbital Command  
  19  1:30  Marine  
  20  1:34  Factory  
  20  1:47  Marine, Supply Depot  
  21  1:55  SCV  
  22  2:05  Marine  
  23  2:11  SCV  
  24  2:18  Command Center  
  24  2:19  Factory Tech Lab  
  24  2:23  SCV  
  24  2:29  Supply Depot  
  25  2:35  SCV  
  26  2:38  Cyclone  
  29  2:47  Barracks Reactor, SCV  
  30  2:59  SCV  
  31  3:07  Refinery  
  31  3:10  Cyclone  
  34  3:14  SCV  
  35  3:25  Starport  
  35  3:26  SCV  
  35  3:27  Marine x2  
  36  3:31  Orbital Command  
  38  3:38  SCV  
  39  3:43  Siege Tank  
  42  3:49  Marine x2  
  42  3:50  SCV  
  45  3:56  Supply Depot  
  45  3:58  SCV  
  45  4:01  Starport Tech Lab  
  46  4:05  Supply Depot  
  46  4:08  SCV, Marine  
  48  4:15  Marine  
  49  4:18  SCV  
  49  4:20  Raven  
  52  4:26  Siege Tank  
  55  4:38  SCV, Marine x2  
  57  4:43  SCV  
  59  4:52  SCV  
  60  5:00  SCV  
  60  5:01  Siege Tank  
  60  5:02  Command Center  
  60  5:03  Raven  
  60  5:04  SCV  
  67  5:12  SCV, Supply Depot  
  68  5:19  SCV, Barracks  
  68  5:20  Barracks  
  69  5:23  Marine, Supply Depot  
  70  5:33  Refinery, SCV  
  70  5:34  Engineering Bay  
  70  5:35  Marine  
  72  5:47  Marine  
  72  5:48  Siege Tank  
  76  5:53  Marine  
  77  6:00  Raven, SCV  
  77  6:01  SCV  
  81  6:05  Marine  
  81  6:10  Barracks Reactor, Marine  
  81  6:11  Barracks Reactor  
  81  6:13  SCV x2  
  81  6:17  Orbital Command  
  83  6:20  Terran Infantry Weapons Level 1  
  83  6:23  Marine  
  83  6:25  SCV  
  85  6:27  Barracks  
  85  6:28  Barracks  
  85  6:33  Siege Tank  
  85  6:34  SCV  
  85  6:37  Supply Depot  
  90  6:41  SCV  
  90  6:42  SCV  
  90  6:44  Supply Depot  
  90  6:46  Marine  
  89  7:08  Marine x5  
  90  7:09  Siege Tank, Medivac x2  
  101  7:25  Marine  
  101  7:26  Marine x4  
  101  7:29  Barracks Tech Lab  
  103  7:33  Stimpack  
  103  7:34  Barracks Reactor  
  96  7:43  Siege Tank, Marine, Medivac  
  96  7:44  Marine x2  
  90  7:47  SCV  
  90  7:48  SCV  
  90  7:49  SCV  
  95  7:52  Marine x3, Supply Depot  
  95  7:53  Sensor Tower  
  95  7:57  Supply Depot  
  98  8:01  Marine  
  98  8:02  Marine x2  
  101  8:08  Missile Turret  
  101  8:10  Marine x3  
  102  8:13  Marine x2  
  102  8:15  Siege Tank  
  102  8:19  Marine x3  
  108  8:22  SCV  
  108  8:23  SCV x2  
  72  8:27  Medivac  
  113  8:28  Marine x3  
  113  8:31  Marine x2  
  110  8:34  Supply Depot  
  110  8:35  Command Center  
  110  8:37  Marine x3  
  110  8:39  Medivac  
  110  8:40  SCV x2  
  112  8:44  Supply Depot  
  112  8:45  Marine, Supply Depot  
  112  8:46  Marine x2  
  112  8:47  Siege Tank  
  116  8:49  Marine x2  
  116  8:54  Marine  
  116  8:55  Marine x2  
  106  9:03  Marine  
  106  9:08  Marine x4  
  78  9:10  Medivac  
  96  9:12  SCV x2, Marine  
  96  9:13  SCV, Marine x2  
  96  9:16  Refinery  
  104  9:17  Refinery  
  104  9:21  Marine  
  108  9:24  SCV  
  108  9:26  Marine x4  
  108  9:29  Engineering Bay  
  89  9:32  Armory  
  89  9:33  Supply Depot  
Tags
 
Add a new tag
Caveats
  • Supply blocks, unpowered buildings, or Contaminate may cause inaccurate times.
  • Supply counts are checked every 10 seconds.